[Event "Live Chess"]
[Site "Chess.com"]
[Date "2023.05.20"]
[Round "-"]
[White "MaximKhimchenko"]
[Black "vinni3012"]
[Result "0-1"]
[WhiteElo "1364"]
[BlackElo "1868"]
[TimeControl "300"]
[EndTime "9:16:02 PDT"]
[Termination "vinni3012 won by checkmate"]

1. e4 c6 2. Nf3 d5 3. exd5 cxd5 4.
d4 Nc6 5. c4 Nf6 6. cxd5 Nxd5 7.
Bc4 Bg4 8. O-O e6 9. Nc3 Nb6 10. Bb3 Bxf3 11. Qxf3 Nxd4 12. Qe3 Nxb3 13. axb3 Nd5 14.
Nxd5 Qxd5 15. Rxa7 Rxa7 16. Qxa7 Be7 17. Qb8+ Bd8 18. Be3 O-O 19. Qg3 Qxb3 20. Rb1 Bf6 21. Bc1 Qd1# 0-1

[Event "Live Chess"]
[Site "Chess.com"]
[Date "2023.05.20"]
[Round "-"]
[White "aliciabutteriss"]
[Black "JoshMcK"]
[Result "0-1"]
[WhiteElo "502"]
[BlackElo "1546"]
[TimeControl "300"]
[EndTime "9:16:04 PDT"]
[Termination "JoshMcK won by resignation"]

1. e4 d6 2. d4 Nf6 3. Nc3 g6 4. Nf3 Bg7 5. Bd3 O-O 6. O-O Nc6 7. Bg5 h6 8. Bxf6 Bxf6 9. Qe2 Nxd4 10. Qe3 Nxf3+ 11. gxf3 e5 12. Qxh6 Bg5 13. Qxf8+ Kxf8 14. Ne2 Bf4 15. Nxf4 exf4 16. Kh1 Bh3 17. Rg1 Qh4 18. Raf1 Bxf1 19. Rxf1 Kg7 20. Bc4 Rh8 0-1

[Event "Live Chess"]
[Site "Chess.com"]
[Date "2023.05.20"]
[Round "-"]
[White "killershark69420"]
[Black "CroasArRheun"]
[Result "0-1"]
[WhiteElo "315"]
[BlackElo "1839"]
[TimeControl "300"]
[EndTime "9:16:09 PDT"]
[Termination "CroasArRheun won by resignation"]

1. e4 e5 2. Nf3 Nc6 3. Nc3 Nf6 4. Bb5 Bb4 5. Bxc6 bxc6 6. d4 exd4 7. Nxd4 Nxe4 8. f3 Nxc3 9. bxc3 Bxc3+ 10. Bd2 Bxd4 11.
Rb1 O-O 12. Rb4 Re8+ 13. Kf1 Ba6+ 14. Qe2 Bxe2+ 15. Ke1 Bxf3+ 16. Kf1 Be2+ 17. Ke1 Bg4+ 18. Kf1 Qf6+ 0-1

[Event "Live Chess"]
[Site "Chess.com"]
[Date "2023.05.20"]
[Round "-"]
[White "BJAW87"]
[Black "martinsmartin63"]
[Result "1-0"]
[WhiteElo "1472"]
[BlackElo "760"]
[TimeControl "300"]
[EndTime "9:16:17 PDT"]
[Termination "BJAW87 won by resignation"]

1. e4 e5 2. Nc3 Nc6 3. f4 d6 4. fxe5 dxe5 5. Nf3 Nf6 6. Bb5 Bd7 7. O-O Bb4 8. d3 Nd4 9. Bxd7+ Qxd7 10. Nxe5 Qe7 11. Nf3 Nxf3+ 12. Qxf3 O-O 13. Bg5 Qc5+ 14. Be3 Qd6 15.
Ne2 Bc5 16. d4 Bb6 17. e5 Qc6 18. Qxc6 bxc6 19. exf6 gxf6 20. Rxf6 Rfe8 21. Rf3 Rad8 22. c3 c5 23. dxc5 Bxc5 24. Bxc5 Rd2 25. Nf4 Red8 26. Rg3+ Kh8 27. Bd4+ R8xd4 28. cxd4 1-0

[Event "Live Chess"]
[Site "Chess.com"]
[Date "2023.05.20"]
[Round "-"]
[White "JoeyCage"]
[Black "BearFromUkraine"]
[Result "1-0"]
[WhiteElo "2313"]
[BlackElo "1190"]
[TimeControl "300"]
[EndTime "9:16:17 PDT"]
[Termination "JoeyCage won by resignation"]

1. e4 e5 2. Nf3 Nc6 3. Bb5 a6 4. Bxc6 dxc6 5. d4 exd4 6. Qxd4 Qxd4 7. Nxd4 Bc5 8. Be3 Bxd4 9. Bxd4 f6 10. Nc3 Ne7 11.
O-O-O Bd7 12. e5 fxe5 13. Bxe5 O-O-O 14. Bxg7 Rhg8 15. Bf6 Rge8 16. Rhe1 Ng6 17. Bxd8 Rxe1 18. Rxe1 Kxd8 19. g3 Nf8 20. Ne4 Ne6 21. Nf6 b6 22.
Rd1 1-0

[Event "Live Chess"]
[Site "Chess.com"]
[Date "2023.05.20"]
[Round "-"]
[White "alexlines8"]
[Black "thrithik"]
[Result "1-0"]
[WhiteElo "1271"]
[BlackElo "587"]
[TimeControl "300"]
[EndTime "9:16:22 PDT"]
[Termination "alexlines8 won by checkmate"]

1. e4 g6 2. d4 f6 3. Nc3 Nh6 4. Nf3 Ng4 5. h3 Bh6 6. hxg4 Bxc1 7. Qxc1 f5 8. gxf5 gxf5 9. e5 Rg8 10. Qh6 Rg4 11. Qh5+ Kf8 12. Qxf5+ Ke8 13. Qxg4 d6 14. Qg8+ Kd7 15. e6+ Kc6 16. Qxd8 Bxe6 17. Qxe7 Bg4 18. Qg5 Be6 19. Qb5# 1-0

[Event "Live Chess"]
[Site "Chess.com"]
[Date "2023.05.20"]
[Round "-"]
[White "PureMellowPlan"]
[Black "hturner40"]
[Result "0-1"]
[WhiteElo "597"]
[BlackElo "1872"]
[TimeControl "300"]
[EndTime "9:16:35 PDT"]
[Termination "hturner40 won by resignation"]

1. e4 Nc6 2. Nf3 e5 3. Nc3 Nf6 4. Bb5 Bd6 5. Bxc6 dxc6 6. O-O O-O 7. d4 exd4 8. Nxd4 Qe7 9. Re1 Rd8 10. Be3 c5 11.
Nf5 Bxf5 12. exf5 Bxh2+ 13. Kxh2 Rxd1 14. Rexd1 Ng4+ 0-1

[Event "Live Chess"]
[Site "Chess.com"]
[Date "2023.05.20"]
[Round "-"]
[White "MaximKris"]
[Black "YF22Raptor"]
[Result "1-0"]
[WhiteElo "1794"]
[BlackElo "1024"]
[TimeControl "300"]
[EndTime "9:16:46 PDT"]
[Termination "MaximKris won by checkmate"]

1. e4 c6 2. Nf3 d5 3. Nc3 dxe4 4. Nxe4 Nf6 5. Nxf6+ exf6 6. d4 Bd6 7. Bd3 O-O 8. O-O Bg4 9. c3 Qc7 10. h3 Bxf3 11.
Qxf3 Nd7 12. Re1 Rae8 13. Rxe8 Rxe8 14. Be3 c5 15. dxc5 Nxc5 16. Bxc5 Bxc5 17. Qf5 Bd6 18. Qxh7+ Kf8 19. Qh8+ Ke7 20. Re1+ Kd7 21. Qxe8# 1-0

[Event "Live Chess"]
[Site "Chess.com"]
[Date "2023.05.20"]
[Round "-"]
[White "NAZRIZ1977"]
[Black "Enhard"]
[Result "1-0"]
[WhiteElo "2140"]
[BlackElo "1385"]
[TimeControl "300"]
[EndTime "9:17:00 PDT"]
[Termination "NAZRIZ1977 won by resignation"]

1. c4 c6 2. g3 d5 3. Bg2 Nf6 4.
Nf3 Bf5 5. cxd5 Nxd5 6. Qb3 Qb6 7.
Qxb6 axb6 8. O-O h6 9. d3 Bh7 10. Nc3 Nxc3 11. bxc3 b5 12. Bf4 e6 13. Nd2 Be7 14. c4 b4 15. Nb3 O-O 16. c5 Na6 17.
Rfc1 Rfd8 18. a3 bxa3 19. Rxa3 Nb4 20. Rca1 Rxa3 21. Rxa3 Na6 22. Bxc6 Bxc5 23. Nxc5 Nxc5 24.
Bf3 Bg6 25. Be3 Nd7 26. Bxb7 Nf6 27. Ra8 Rxa8 28. Bxa8 Bf5 29. Kf1 Bh3+ 30. Kg1 Nd5 31. Bd2 Nc7 32. Bc6 Nd5 33. e4 Nf6 34. d4 h5 35. d5 Nxe4 36. dxe6 Nxd2 37. e7 1-0

[Event "Live Chess"]
[Site "Chess.com"]
[Date "2023.05.20"]
[Round "-"]
[White "chrisbradgate"]
[Black "Supertromp"]
[Result "0-1"]
[WhiteElo "828"]
[BlackElo "2160"]
[TimeControl "300"]
[EndTime "9:17:02 PDT"]
[Termination "Supertromp won by checkmate"]

1. d4 Nf6 2. Bf4 g6 3. e3 Bg7 4. c3 O-O 5. Bd3 d6 6. h3 Nbd7 7. Nf3 Re8 8. Nbd2 e5 9. dxe5 dxe5 10. Bg3 e4 11. Nxe4 Nxe4 12. Bxe4 Rxe4 13. O-O Re8 14. Qc2 c6 15. Rad1 Qa5 16. a3 Nb6 17. Bc7 Qh5 18.
Bxb6 axb6 19. Kh2 Bxh3 20. gxh3 Qxf3 21. Rg1 Be5+ 22. Rg3 Rad8 23. Rxd8 Rxd8 24. Qc1 Qxf2+ 25. Kh1 Bxg3 26. Qg1 Qf3+ 27. Qg2 Rd1# 0-1

[Event "Live Chess"]
[Site "Chess.com"]
[Date "2023.05.20"]
[Round "-"]
[White "MartinWalker4"]
[Black "MaximKhimchenko"]
[Result "1-0"]
[WhiteElo "2138"]
[BlackElo "1364"]
[TimeControl "300"]
[EndTime "9:17:09 PDT"]
[Termination "MartinWalker4 won by resignation"]

1. e4 e5 2. Nf3 Nc6 3. Bb5 Bc5 4. O-O Nf6 5. Qe2 Bd6 6. d4 exd4 7. Bxc6 dxc6 8. e5 O-O 9. exd6 Qxd6 10. Qe5 Qxe5 11. Nxe5 Re8 1-0

[Event "Live Chess"]
[Site "Chess.com"]
[Date "2023.05.20"]
[Round "-"]
[White "VIDYUTGANESH"]
[Black "SavagePawn7"]
[Result "1-0"]
[WhiteElo "1673"]
[BlackElo "792"]
[TimeControl "300"]
[EndTime "9:17:22 PDT"]
[Termination "VIDYUTGANESH won by resignation"]

1. e3 d5 2. Ne2 e5 3. g3 Nf6 4. Bg2 Nc6 5. O-O Be6 6. f4 e4 7.
d4 Bd6 8. f5 Bd7 9. Nbc3 O-O 10. Nf4 Bxf4 11. Rxf4 Nh5 12. Qxh5 g6 13. Qh6 Bxf5 14.
Rh4 g5 15. Rh5 Bg6 16. Rxg5 f6 17. Rxg6+ hxg6 18. Qxg6+ Kh8 19. Qh5+ Kg8 20. Nxd5 Kg7 21. Bxe4 Rh8 22. Qg6+ Kf8 23. Nxf6 Ne7 24. Nh7+ Rxh7 25. Qxh7 Nc6 26. Bd2 Qf6 27. Rf1 1-0

[Event "Live Chess"]
[Site "Chess.com"]
[Date "2023.05.20"]
[Round "-"]
[White "LiamBellwood"]
[Black "minenko-1958"]
[Result "1-0"]
[WhiteElo "2115"]
[BlackElo "1446"]
[TimeControl "300"]
[EndTime "9:17:23 PDT"]
[Termination "LiamBellwood won by resignation"]

1. d4 d5 2. Nc3 c6 3. Bf4 Bf5 4. e3 e6 5. f3 Bd6 6. Nge2 Bxf4 7. Nxf4 h6 8. Bd3 Bxd3 9. Qxd3 Nf6 10. O-O-O Nbd7 11. g4 Nb6 12. h4 Qd6 13. g5 hxg5 14. hxg5 Rxh1 15. Rxh1 Ng8 16. Rh8 Qf8 17. Qh7 Ke7 18. g6 f6 19. Nh5 Nd7 20. Nxg7 Kd6 21. Nh5 f5 22. g7 Qf7 23. Nf4 Ndf6 24. Qh2 Qxg7 25.
Nh5+ 1-0

[Event "Live Chess"]
[Site "Chess.com"]
[Date "2023.05.20"]
[Round "-"]
[White "domrobson"]
[Black "tomdot"]
[Result "1-0"]
[WhiteElo "1728"]
[BlackElo "228"]
[TimeControl "300"]
[EndTime "9:17:27 PDT"]
[Termination "domrobson won by resignation"]

1. d4 d5 2. c4 Nf6 3. Nf3 Nc6 4. Nc3 Bg4 5. Ne5 Nxd4 6. Qxd4 Bf5 7. cxd5 e6 8. e4 Be7 9. exf5 c5 10. Qa4+ b5 11.
Bxb5+ Kf8 12. fxe6 fxe6 13. dxe6 h6 14. Nf7 Rg8 15. Nxd8 Rxd8 16. O-O Nd7 17. exd7 Rxd7 18. Bxd7 Kf7 19. Qf4+ 1-0

[Event "Live Chess"]
[Site "Chess.com"]
[Date "2023.05.20"]
[Round "-"]
[White "amazinggoalkeeper"]
[Black "Chris_pea"]
[Result "1-0"]
[WhiteElo "499"]
[BlackElo "590"]
[TimeControl "300"]
[EndTime "9:17:33 PDT"]
[Termination "amazinggoalkeeper won on time"]

1. e4 c6 2. d4 d5 3. e5 Bf5 4.
Nf3 e6 5. Bf4 c5 6. dxc5 Bxc5 7.
Bb5+ Nc6 8. Bxc6+ bxc6 9. O-O Ne7 10. Nc3 O-O 11. Na4 Bb6 12. Nxb6 axb6 13. Nd4 f6 14. exf6 Rxf6 15. Be5 Rg6 16. g3 Qc8 17. Bd6 c5 18.
Bxe7 cxd4 19. Qxd4 Qc4 20. Qxb6 Bxc2 21. Qb4 Qxb4 22.
Bxb4 Rb8 23. Bd6 Rxb2 24. Rfc1 Rf6 25. Be5 Rf7 26. Bxb2 Bg6 27. Rc8+ Rf8 28. Rxf8+ Kxf8 29. Rc1 Kf7 30. Rc7+ Ke8 31. Rxg7 Kf8 32. h4 h5 33. a4 1-0

[Event "Live Chess"]
[Site "Chess.com"]
[Date "2023.05.20"]
[Round "-"]
[White "Balu13"]
[Black "Krishtwist2013gmailc"]
[Result "1-0"]
[WhiteElo "832"]
[BlackElo "860"]
[TimeControl "300"]
[EndTime "9:17:33 PDT"]
[Termination "Balu13 won by resignation"]

1. e4 e5 2. f4 Nc6 3. Nf3 g6 4. fxe5 f5 5. d3 fxe4 6. Bg5 Be7 7. Bxe7 Qxe7 8. dxe4 Nh6 9. Bc4 d6 10. O-O dxe5 11. h3 Qc5+ 12. Kh1 Qxc4 13. Nfd2 Qe6 14. Qf3 Qe7 15. Nc3 Rf8 16. Qe3 Ng8 17. Rxf8+ Qxf8 18. Rf1 Qe7 19. Nd5 Qd7 20. Nf6+ Ke7 21. Nxd7 Kxd7 22.
Qc5 b6 23. Rf7+ Kd8 24. Qxc6 Rb8 25. Qxc7+ Ke8 1-0

[Event "Live Chess"]
[Site "Chess.com"]
[Date "2023.05.20"]
[Round "-"]
[White "Hacker_2009"]
[Black "FlyingChessKestrel13"]
[Result "0-1"]
[WhiteElo "1928"]
[BlackElo "2154"]
[TimeControl "300"]
[EndTime "9:17:38 PDT"]
[Termination "FlyingChessKestrel13 won by resignation"]

1. d4 d5 2. Nf3 Nf6 3. e3 Bf5 4. c4 c6 5. Nc3 e6 6. Be2 a6 7.
O-O Bd6 8. b3 O-O 9. Bb2 Nbd7 10. Rc1 Re8 11. Na4 b5 12. cxb5 axb5 13. Nc5 Nxc5 14.
dxc5 Bc7 15. a3 e5 16. b4 e4 17. Nd4 Bd7 18. Qc2 Qe7 19. Rfd1 Ng4 20. h3 Ne5 21. Ra1 Ra4 22. Qc3 f6 23. Rdc1 Nc4 24. Bxc4 dxc4 25. Rd1 Be5 26. Qc2 Rea8 27. Ne2 Bxb2 28. Qxb2 Be6 29.
Nc3 R4a6 30. Rd4 f5 31. Ne2 Qa7 32. Rd6 Bd5 33. Nf4 Rxa3 34. Rxa3 Qxa3 35. Qxa3 Rxa3 36. Nxd5 cxd5 37. Rxd5 Ra1+ 38. Kh2 c3 39. c6 c2 40.
c7 c1=Q 41. Rc5 Qg1+ 42. Kg3 Ra8 43. c8=Q+ Rxc8 44. Rxc8+ Kf7 45. Rc5 Qf1 46. Rxf5+ Ke6 47. Rf4 Qd3 48. Rg4 g6 49. Rh4 h5 50. Rf4 Qd6 51.
Kh4 Qe5 52. Rf8 Ke7 53. Ra8 Qf6+ 54. Kg3 h4+ 55. Kh2 Qxf2 56. Rg8 Qg3+ 57. Kh1 Qe1+ 58. Kh2 Qxe3 59. Rxg6 Qf4+ 60. Kg1 e3 61. Rg4 Qf2+ 0-1

[Event "Live Chess"]
[Site "Chess.com"]
[Date "2023.05.20"]
[Round "-"]
[White "smoggyrabbit"]
[Black "Ocelot32"]
[Result "1-0"]
[WhiteElo "1647"]
[BlackElo "1357"]
[TimeControl "300"]
[EndTime "9:17:45 PDT"]
[Termination "smoggyrabbit won by resignation"]

1. d4 d5 2. Nf3 Nf6 3. e3 Bf5 4. Nh4 Bg6 5. Nxg6 hxg6 6. g3 e6 7. Bg2 Nbd7 8. c4 c6 9. Nd2 Bb4 10. Qb3 Bxd2+ 11. Bxd2 Rb8 12. O-O Ng4 13. h3 Ngf6 14.
Rfe1 Ne4 15. cxd5 Nxd2 16. Qc2 Nf3+ 17. Bxf3 Rxh3 18. dxe6 fxe6 19. Qxg6+ Kf8 20. Qxe6 Nf6 21. Qxh3 1-0

[Event "Live Chess"]
[Site "Chess.com"]
[Date "2023.05.20"]
[Round "-"]
[White "DenDenTie"]
[Black "JohanKjeldahl"]
[Result "0-1"]
[WhiteElo "925"]
[BlackElo "1786"]
[TimeControl "300"]
[EndTime "9:17:46 PDT"]
[Termination "JohanKjeldahl won by resignation"]

1. e4 c5 2. Nf3 e6 3. d4 cxd4 4. Nxd4 Nc6 5. Nc3 Qc7 6. Bc4 a6 7. O-O Nf6 8. Bg5 b5 9. Bb3 Bb7 10. Bxf6 gxf6 11. Nxc6 Bxc6 12. a4 b4 13. Ne2 Bd6 14.
Ng3 h5 15. Re1 O-O-O 16. Qd3 h4 17. Qxa6+ Bb7 18. Qd3 hxg3 19. h3 gxf2+ 20. Kxf2 Rdg8 21. Rec1 Bg3+ 22. Ke2 Bf4 23. c3 Rxg2+ 24. Kf1 Rg3 25.
Qxg3 Bxg3 26. cxb4 Rxh3 27. Rxc7+ Kxc7 28. Rc1+ Kd6 29. a5 Bxe4 30. b5 Rh1+ 31. Ke2 Rxc1 0-1

[Event "Live Chess"]
[Site "Chess.com"]
[Date "2023.05.20"]
[Round "-"]
[White "daveeeeR"]
[Black "Brooms1989"]
[Result "0-1"]
[WhiteElo "1254"]
[BlackElo "942"]
[TimeControl "300"]
[EndTime "9:17:47 PDT"]
[Termination "Brooms1989 won by checkmate"]

1. d4 Nf6 2. Bf4 g6 3. Nf3 e5 4.
dxe5 Ng8 5. c3 Nc6 6. Nbd2 Bg7 7. Nc4 Nge7 8. e4 O-O 9. Bd3 f6 10. exf6 Rxf6 11. Be5 Nxe5 12. Ncxe5 d6 13. Ng4 Bxg4 14. Be2 Bxf3 15. Bxf3 Nc6 16. Qd5+ Kh8 17. O-O Qe7 18. Rfe1 Qe5 19. Qb3 b6 20. Rad1 Qg5 21. Re3 Ne5 22.
c4 Nxf3+ 23. Rxf3 Rxf3 24. Qxf3 Rf8 25. Qh3 Qf4 26. Rf1 Bxb2 27. Qb3 Be5 28. g3 Qxe4 29. Qb5 Bd4 30. Qd7 Qe2 31. Qh3 Bxf2+ 32. Kh1 Qxc4 33. Qg2 Qf7 34. g4 Qf3 35. h3 Qxg2+ 36. Kxg2 Kg7 37. Rxf2 Rxf2+ 38. Kxf2 Kf6 39. Ke3 Ke5 40. a4 c5 41. h4 d5 42. g5 c4 43.
Kd2 d4 44. Kc2 Ke4 45. Kd2 c3+ 46. Kc2 Ke3 47. Kd1 d3 48. Kc1 Ke2 49. h5 gxh5 50.
g6 hxg6 51. a5 bxa5 52. Kb1 d2 53. Kc2 d1=Q+ 54. Kxc3 Qd3+ 55. Kb2 Qc4 56. Ka3 Qb5 57. Ka2 Kd2 58. Ka3 Kc3 59. Ka2 Qb2# 0-1

[Event "Live Chess"]
[Site "Chess.com"]
[Date "2023.05.20"]
[Round "-"]
[White "Fazer180"]
[Black "Driftboard"]
[Result "1-0"]
[WhiteElo "1731"]
[BlackElo "859"]
[TimeControl "300"]
[EndTime "9:17:56 PDT"]
[Termination "Fazer180 won by checkmate"]

1. e4 e5 2. Nf3 Nc6 3. d4 exd4 4. Nxd4 Nxd4 5. Qxd4 Nf6 6. Nc3 Ng8 7. Bf4 Bd6 8.
Bxd6 cxd6 9. Qxd6 Qe7 10. Qd4 Nf6 11. Bc4 O-O 12. O-O b6 13. Rfe1 Re8 14. Nd5 Nxd5 15. Qxd5 Qe6 16. Qxa8 Qxc4 17. c3 h6 18. Qxa7 Rxe4 19.
Rxe4 Qxe4 20. Qxb6 Bb7 21. f3 Qc6 22. Qxc6 Bxc6 23.
a4 Bd5 24. b4 Kf8 25. b5 Bc4 26. Rb1 Ke8 27. b6 Ba6 28. b7 Bxb7 29. Rxb7 Kd8 30. a5 Kc8 31. Rb1 Kc7 32. a6 Kc6 33. a7 Kc5 34. a8=Q Kc4 35. Qc8+ Kd3 36. Qxd7+ Kxc3 37. Rc1+ Kb2 38. Rc8 Kb3 39. Qb7+ Ka4 40. Ra8# 1-0

[Event "Live Chess"]
[Site "Chess.com"]
[Date "2023.05.20"]
[Round "-"]
[White "Nico14021974"]
[Black "wadsy27"]
[Result "0-1"]
[WhiteElo "993"]
[BlackElo "2584"]
[TimeControl "300"]
[EndTime "9:17:57 PDT"]
[Termination "wadsy27 won by checkmate"]

1. e4 e6 2. Nf3 d5 3. Nc3 Nf6 4. Bb5+ c6 5. Be2 dxe4 6. d3 exf3 7. gxf3 Bd6 8. Ne4 Bc7 9. b4 Nxe4 10. dxe4 Qxd1+ 11.
Kxd1 Nd7 12. f4 a5 13. bxa5 Rxa5 14. Bd3 Nc5 15. Be2 Nxe4 16. Rf1 Rd5+ 17. Ke1 Ba5+ 18. Bd2 Bxd2+ 19. Kd1 Nc3# 0-1

[Event "Live Chess"]
[Site "Chess.com"]
[Date "2023.05.20"]
[Round "-"]
[White "Doge_Dandolo"]
[Black "gombofour"]
[Result "1-0"]
[WhiteElo "2058"]
[BlackElo "862"]
[TimeControl "300"]
[EndTime "9:18:01 PDT"]
[Termination "Doge_Dandolo won by resignation"]

1. Nf3 c5 2. c4 Nc6 3. d4 cxd4 4. Nxd4 d6 5. g3 Nf6 6. Bg2 Bd7 7. Nc3 g6 8. O-O Bg7 9. Bg5 O-O 10. Rc1 h6 11. Be3 e5 12. Nc2 a6 13. Nd5 Nxd5 14. Bxd5 Re8 15. a3 Rc8 16. Nb4 Nxb4 17.
axb4 b5 18. b3 bxc4 19. bxc4 Qf6 20. Qb3 Be6 21. Rfd1 Bxd5 22. Rxd5 Rc7 23. Rcd1 Rd8 24. c5 Rcd7 25. c6 Rc7 26. Qc4 Bf8 27. Bb6 Rcc8 28. Bxd8 Rxd8 29. Qxa6 h5 30. c7 Rc8 31. Qxc8 1-0

[Event "Live Chess"]
[Site "Chess.com"]
[Date "2023.05.20"]
[Round "-"]
[White "HD_IN4k"]
[Black "CheckThis4"]
[Result "0-1"]
[WhiteElo "299"]
[BlackElo "2535"]
[TimeControl "300"]
[EndTime "9:18:06 PDT"]
[Termination "CheckThis4 won by checkmate"]

1. d4 Nf6 2. Nf3 c5 3. e3 g6 4. dxc5 Bg7 5. Nc3 O-O 6. e4 b6 7.
Nd5 Nxe4 8. Qe2 Nxc5 9. Be3 Nc6 10. Nd4 Nxd4 11. Bxd4 Bxd4 12. Rd1 Bf6 13. Nxf6+ exf6 14. Qg4 Re8+ 15. Be2 d5 16. O-O Bxg4 17. Bxg4 f5 18.
Rfe1 Rxe1+ 19. Rxe1 fxg4 20. h3 gxh3 21. gxh3 Ne4 22.
f3 Qh4 23. Re3 Qf2+ 24. Kh1 Ng3# 0-1

[Event "Live Chess"]
[Site "Chess.com"]
[Date "2023.05.20"]
[Round "-"]
[White "PackedNote"]
[Black "hello505050"]
[Result "1-0"]
[WhiteElo "778"]
[BlackElo "1071"]
[TimeControl "300"]
[EndTime "9:18:11 PDT"]
[Termination "PackedNote won by resignation"]

1. e4 e5 2. Nf3 Nc6 3. Bb5 Nd4 4. Nxd4 exd4 5. c3 a6 6. Ba4 b5 7. Bb3 d3 8. O-O Bd6 9. Qf3 Nf6 10. Qxd3 c5 11. Bd5 c4 12. Qd4 Rb8 13. e5 Bxe5 14. Qxe5+ Qe7 15. Qxb8 O-O 16. Qa7 Nxd5 17. Qd4 Qf6 18.
Qxf6 Nxf6 19. b3 d5 20. bxc4 dxc4 21. Ba3 Re8 22. Bb4 Ne4 23. f3 Ng5 24. Rd1 Re2 25. d3 cxd3 26. Rxd3 Bb7 27. Rd8+ 1-0

[Event "Live Chess"]
[Site "Chess.com"]
[Date "2023.05.20"]
[Round "-"]
[White "viktorskliarov"]
[Black "azimchess2019"]
[Result "1-0"]
[WhiteElo "2644"]
[BlackElo "1329"]
[TimeControl "300"]
[EndTime "9:18:14 PDT"]
[Termination "viktorskliarov won by resignation"]

1. e4 c5 2. Nf3 d6 3. d4 cxd4 4. Qxd4 Nc6 5. Bb5 Bd7 6. Bxc6 Bxc6 7. Nc3 e6 8. Bg5 Ne7 9. O-O-O f6 10. Be3 Ng6 11. h4 e5 12. Qc4 Be7 13. h5 Nf8 14. Nh4 Nd7 15. Nf5 1-0

[Event "Live Chess"]
[Site "Chess.com"]
[Date "2023.05.20"]
[Round "-"]
[White "NatashaRegan"]
[Black "MJMykh"]
[Result "1-0"]
[WhiteElo "1839"]
[BlackElo "950"]
[TimeControl "300"]
[EndTime "9:18:18 PDT"]
[Termination "NatashaRegan won by resignation"]

1. e4 e5 2. f4 exf4 3. Bc4 Nc6 4.
Nf3 h6 5. d4 Nf6 6. Nc3 Bb4 7.
Qe2 Bxc3+ 8. bxc3 O-O 9. e5 Ne8 10. Bxf4 d6 11. O-O dxe5 12. Nxe5 Nxe5 13. Bxe5 Nd6 14.
Bb3 Qe7 15. Qh5 Ne4 16. Rae1 Nxc3 17. Bxg7 Ne2+ 18. Rxe2 1-0

[Event "Live Chess"]
[Site "Chess.com"]
[Date "2023.05.20"]
[Round "-"]
[White "sup3rm0nk3y"]
[Black "BillW-GrangerIN"]
[Result "1-0"]
[WhiteElo "1335"]
[BlackElo "184"]
[TimeControl "300"]
[EndTime "9:18:21 PDT"]
[Termination "sup3rm0nk3y won by resignation"]

1. e4 e5 2. Nf3 Nc6 3. Bb5 d6 4.
d3 Bd7 5. Nc3 Nf6 6. O-O Be7 7. a4 Bg4 8. a5 O-O 9. a6 d5 10. axb7 Rb8 11. Bxc6 Qd6 12. exd5 Qc5 13. Ne4 Nxe4 14. dxe4 Bxf3 15. gxf3 Bh4 16. b3 Qd6 17. c4 Qg6+ 18. Kh1 Rbd8 19. Rxa7 Rd6 20. Ra8 h6 21.
Rxf8+ Kxf8 22. b8=Q+ Ke7 23. Qe8+ Kf6 24. Ba3 1-0

[Event "Live Chess"]
[Site "Chess.com"]
[Date "2023.05.20"]
[Round "-"]
[White "chessleanstrategist"]
[Black "Pablo_dmp"]
[Result "0-1"]
[WhiteElo "416"]
[BlackElo "1866"]
[TimeControl "300"]
[EndTime "9:18:25 PDT"]
[Termination "Pablo_dmp won by resignation"]

1. c4 Nf6 2. g3 c6 3. Bg2 e6 4.
Nc3 d5 5. cxd5 exd5 6. Nf3 Bf5 7. O-O Nbd7 8. e3 Be7 9. d4 O-O 10. b3 Bb4 11. Bd2 Qa5 12. Re1 Bxc3 13. Bxc3 Qxc3 14. Qc1 Qxc1 15. Raxc1 Ne4 16. Nh4 Bg6 17. Bxe4 Bxe4 18. Ng2 Bxg2 19. Kxg2 Nf6 20. f4 Rfe8 21. h4 Ne4 22.
Rc2 Re7 23. a4 h5 24. b4 Nf6 25. Rce2 Rae8 26. Kf3 Ng4 27. e4 Rxe4 28. Rxe4 Rxe4 29. Rxe4 dxe4+ 30. Kxe4 Kf8 31. d5 Nf6+ 32. Kd4 Nxd5 33.
b5 Ke7 34. Kc5 Kd7 35. bxc6+ bxc6 36. a5 g6 37. a6 Ne3 38. Kd4 Nf1 39. Ke5 Nxg3 40.
Kf6 Ke8 41. Ke5 Nf5 42. Kf6 Nxh4 43. Ke5 Ng2 44. f5 gxf5 45. Kxf5 h4 0-1

[Event "Live Chess"]
[Site "Chess.com"]
[Date "2023.05.20"]
[Round "-"]
[White "Chesscoach_Golichenko"]
[Black "OBrightwell100"]
[Result "1-0"]
[WhiteElo "2644"]
[BlackElo "1334"]
[TimeControl "300"]
[EndTime "9:18:29 PDT"]
[Termination "Chesscoach_Golichenko won by checkmate"]

1. d4 d5 2. Nc3 a6 3. e4 e6 4. Nf3 Nc6 5. h3 Bb4 6. exd5 exd5 7. Bd3 Nge7 8. O-O O-O 9. Bxh7+ Kxh7 10. Ng5+ Kg8 11.
Qh5 Bf5 12. Be3 f6 13. Nf3 Bg6 14. Qg4 Kf7 15. Ne2 Rh8 16. Ng3 Bd6 17. Rae1 Bxg3 18. fxg3 Bf5 19. Qf4 g5 20. Nxg5+ fxg5 21. Qxg5 Qd7 22.
g4 Rag8 23. Qf4 Kf6 24. gxf5 Qxf5 25. Qxc7 Qxf1+ 26. Rxf1+ Nf5 27. Qd6+ Kg7 28. Rxf5 Rh6 29. Qxh6# 1-0

[Event "Live Chess"]
[Site "Chess.com"]
[Date "2023.05.20"]
[Round "-"]
[White "JormaIbo"]
[Black "GEMdzq"]
[Result "0-1"]
[WhiteElo "428"]
[BlackElo "2346"]
[TimeControl "300"]
[EndTime "9:18:42 PDT"]
[Termination "GEMdzq won by checkmate"]

1. e4 d6 2. d4 Nf6 3. Nc3 g6 4. e5 dxe5 5. dxe5 Qxd1+ 6. Nxd1 Nd5 7. Nf3 Bg7 8. Bc4 Nb4 9. Bd2 Nxc2+ 10. Ke2 Nxa1 11.
Ne3 Nc6 12. Rxa1 Nxe5 13. Nxe5 Bxe5 14. Ng4 Bxg4+ 15. Kf1 O-O-O 16. Bxf7 Rxd2 17. f3 Bf5 18. Re1 Bd4 19. Rxe7 Bd3+ 20. Ke1 Rxb2 21. Be6+ Kb8 22.
Rd7 Bc3+ 23. Kd1 Rb1# 0-1

[Event "Live Chess"]
[Site "Chess.com"]
[Date "2023.05.20"]
[Round "-"]
[White "seuen"]
[Black "jagbama"]
[Result "1-0"]
[WhiteElo "1142"]
[BlackElo "1121"]
[TimeControl "300"]
[EndTime "9:18:43 PDT"]
[Termination "seuen won on time"]

1. e4 e5 2. Nf3 Nc6 3. Bc4 Bc5 4. b4 Bxb4 5. c3 Bc5 6. d4 exd4 7. O-O dxc3 8. Bxf7+ Kxf7 9. Qd5+ Ke8 10. Qh5+ g6 11. Qxc5 d6 12. Qxc3 Qf6 13. e5 dxe5 14. Bg5 Qd6 15.
Re1 Nge7 16. Nxe5 Rf8 17. Nxc6 bxc6 18. Nd2 Be6 19. Rad1 Rf7 20. Nf3 Nd5 21. Qh8+ Rf8 22. Qxh7 Rf7 23. Qg8+ Rf8 24. Qxg6+ Kd7 25. Ne5+ Kc8 26.
Nc4 Qc5 27. Qxe6+ Kb7 28. Rb1+ Nb6 29. Nxb6 axb6 30. Be3 Qc2 31. Qb3 Rxa2 32. Qxc2 Rxc2 33. h3 c5 34. Bf4 c4 35. Be3 c3 36. Rbc1 Ra2 37. Rxc3 Rb2 38. Rcc1 b5 39. Rb1 Rc2 40.
Rxb5+ Kc6 41. Rbb1 Rg8 42. Rbc1 1-0

[Event "Live Chess"]
[Site "Chess.com"]
[Date "2023.05.20"]
[Round "-"]
[White "ReeceHockton"]
[Black "Inglaterra"]
[Result "0-1"]
[WhiteElo "328"]
[BlackElo "2083"]
[TimeControl "300"]
[EndTime "9:18:51 PDT"]
[Termination "Inglaterra won by checkmate"]

1. d4 d5 2. e4 dxe4 3. Nc3 Nf6 4.
f3 Bf5 5. fxe4 Nxe4 6. Nxe4 Bxe4 7. Bd3 Bxg2 8. Be4 Bxh1 9. Bxh1 c6 10. b4 e5 11. c3 Qh4+ 12. Kd2 Qxh2+ 13. Ne2 exd4 14. cxd4 Bxb4+ 15. Kc2 O-O 16. Rb1 Na6 17. a3 Bd6 18. Rxb7 Rab8 19. Rxa7 Nc7 20. Ra4 Nd5 21. Bxd5 cxd5 22.
Kc3 Rfc8+ 23. Kd3 Qh3+ 24. Be3 f5 25. Nf4 Bxf4 26. Qd2 Rb3+ 27. Ke2 Rxe3+ 28. Kd1 Qf1+ 29. Qe1 Qxe1# 0-1

[Event "Live Chess"]
[Site "Chess.com"]
[Date "2023.05.20"]
[Round "-"]
[White "DianaSpencer1"]
[Black "MizYanKo"]
[Result "0-1"]
[WhiteElo "562"]
[BlackElo "580"]
[TimeControl "300"]
[EndTime "9:18:53 PDT"]
[Termination "MizYanKo won by resignation"]

1. d4 d5 2. Nf3 e6 3. Bg5 Ne7 4. Nc3 Nbc6 5. e4 dxe4 6. Nxe4 Qd5 7. Bd3 Qf5 8. Qe2 Qg4 9. h3 Qxg2 10. Ng3 e5 11. Qf1 Bxh3 12. Qxg2 Bxg2 13. Nf1 Bxh1 14. Ng3 Bxf3 15. Bxe7 Bxe7 16. Nf5 Bg5 17. Nxg7+ Kf8 18.
Nh5 Bxh5 0-1